 Dungeon Crawl Stone Soup version 0.30-a0-591-g3c58d2bc28 (webtiles) character file.

Game seed: 15578322498083933821

28921 NinjaNoafa the Grappler (level 13, -6/127 HPs)
             Began as a Troll Fighter on Jan 4, 2023.
             Was an Elder of Wu Jian.
             Mangled by a hornet (13 damage)
             ... on level 11 of the Dungeon.
             The game lasted 00:49:31 (13637 turns).

NinjaNoafa the Grappler (Troll Fighter)            Turns: 13637, Time: 00:49:31

Health: -6/127     AC:  6    Str: 33    XL:     13   Next: 12%
Magic:  12/12      EV: 10    Int:  4    God:    Wu Jian [****..]
Gold:   1316       SH: 18    Dex: 13    Spells: 12/12 levels left

rFire   + . .      SeeInvis .      - Unarmed
rCold   + . .      Faith    +    z - +3 tower shield {rF+}
rNeg    . . .      Spirit   .    M - +2 robe {Will+}
rPois   .          Reflect  .    (helmet restricted)
rElec   .          Harm     .    K - scarf {repulsion}
rCorr   .          Rampage  .    (gloves unavailable)
Will    +....                    (boots unavailable)
Stlth   +                        R - amulet of faith
HPRegen 1.21/turn                a - ring of protection from cold
MPRegen 0.13/turn                P - +6 ring of strength

@: lethally poisoned (-6 -> -9), slowed, studying 2 skills, repel missiles, very
slow
A: large, unfitting armour, claws 3, regeneration 1, shaggy fur 1, tough skin 1
a: Renounce Religion, Wall Jump, Serpent's Lash


You were on level 11 of the Dungeon.
You worshipped Wu Jian.
Wu Jian was greatly pleased with you.
You visited 4 branches of the dungeon, and saw 15 of its levels.
You also visited: Ossuary, Gauntlet and Volcano.

You collected 1316 gold pieces.

Inventory:

Missiles
 h - 2 atropa-tipped darts
 t - 4 javelins
 x - 7 boomerangs
 G - 6 silver javelins
 I - 3 large rocks (quivered)
Armour
 z - a +3 tower shield of fire resistance (worn)
 H - a +2 robe of fire resistance
 K - a scarf of repulsion (worn)
 M - a +2 robe of willpower (worn)
Jewellery
 a - a ring of protection from cold (left claw)
 b - a ring of fire
 w - a ring of protection from cold
 D - a ring of resist corrosion
 P - a +6 ring of strength (right claw)
 R - an amulet of faith (around neck)
Wands
 d - a wand of iceblast (12)
 q - a wand of polymorph (14)
 r - a wand of flame (23)
 u - a wand of charming (6)
 C - a wand of mindburst (15)
 L - a wand of digging (4)
 Z - a wand of acid (4)
Scrolls
 e - a scroll of vulnerability
 i - 2 scrolls of immolation
 m - a scroll of teleportation
 p - 2 scrolls of torment
 y - 2 scrolls of butterflies
 F - a scroll of blinking
 N - 3 scrolls of silence {unknown}
 Q - 3 scrolls of amnesia {unknown}
 S - 3 scrolls of brand weapon {unknown}
 T - 2 scrolls of fog {unknown}
 W - 3 scrolls of magic mapping
 Y - a scroll of fear {unknown}
Potions
 c - 2 potions of might
 f - 7 potions of heal wounds
 g - 6 potions of curing
 j - 2 potions of attraction
 k - 6 potions of haste
 l - 3 potions of brilliance {unknown}
 s - 3 potions of flight
 v - 6 potions of lignification
 A - 4 potions of cancellation
 B - 4 potions of mutation {unknown}
 E - 2 potions of berserk rage
 J - 4 potions of magic {unknown}
 X - a potion of resistance
Miscellaneous
 o - a lightning rod (4/4)
 O - a phial of floods
 U - a piece from Xom's chessboard (15/15)
 V - a condenser vane


   Skills:
 + Level 8.0 Fighting
 - Level 5.0 Throwing
 - Level 10.0 Armour
 + Level 8.0 Dodging
 + Level 8.1 Shields
 - Level 11.5 Unarmed Combat
 - Level 5.0 Evocations


You had 12 spell levels left.
You didn't know any spells.
Your spell library contained the following spells:

 Spells                   Type           Power      Damage    Failure   Level
 Apportation              Tloc           0%         N/A       95%         1
 Foxfire                  Conj/Fire      0%         2x1d4     95%         1
 Magic Dart               Conj           0%         1d3       95%         1
 Necrotise                Necr           0%         1d4       95%         1
 Slow                     Hex            0%         N/A       95%         1
 Summon Small Mammal      Summ           0%         N/A       95%         1
 Blink                    Tloc           0%         N/A       99%         2
 Searing Ray              Conj           0%         2d4       99%         2
 Confusing Touch          Hex            0%         N/A       100%        3
 Dazzling Flash           Conj/Hex       0%         N/A       100%        3
 Hailstorm                Conj/Ice       0%         3d3       100%        3
 Vampiric Draining        Necr           0%         2d6       100%        3
 Animate Dead             Necr           0%         N/A       100%        4
 Cause Fear               Hex            0%         N/A       100%        4
 Fulminant Prism          Conj/Hex       0%         3d5       100%        4
 Ice Form                 Ice/Tmut       0%         N/A       100%        4
 Manifold Assault         Tloc           0%         N/A       100%        4
 Summon Lightning Spire   Summ/Air       0%         N/A       100%        4
 Agony                    Necr           0%         N/A       100%        5
 Fireball                 Conj/Fire      0%         3d3       100%        5
 Silence                  Hex/Air        0%         N/A       100%        5
 Simulacrum               Ice/Necr       0%         N/A       100%        6
 Starburst                Conj/Fire      0%         6d3       100%        6
 Dragon Form              Tmut           0%         N/A       100%        7
 Haunt                    Necr/Summ      0%         N/A       100%        7
 Storm Form               Tmut/Air       0%         N/A       100%        7
 Infestation              Necr           0%         N/A       100%        8
 Maxwell's Capacitive Co  Air            0%         ∞         100%        8
 Dragon's Call            Summ           0%         N/A       100%        9


Dungeon Overview and Level Annotations

Branches:
Dungeon (11/15)            Temple (1/1) D:4            Lair (2/5) D:10
    Orc (1/2) D:9         Ossuary (visited)         Volcano (visited)
Gauntlet (visited)
  Swamp: Lair:2-3    Shoals: Lair:2-3     Snake: Lair:2-3    Spider: Lair:2-3

Altars:
Ashenzari
Cheibriados
Dithmenos
Elyvilon
Fedhas
Gozag
Hepliaklqana
Kikubaaqudgha
Makhleb
Nemelex Xobeh
Okawaru
Qazlal
Ru
Sif Muna
Trog
Uskayaw
Vehumet
Wu Jian
Xom
Yredelemnul
Zin
The Shining One

Annotations:
D:10 2 transporters, bmack86's ghost, journeyman MiFi


Innate Abilities, Weirdness & Mutations

You are too large for most types of armour.
You have claws for hands.
Your natural rate of healing is unusually fast.
You are covered in fur. (AC +1)
You have tough skin. (AC +1)


Message History

You block the hornet's attack. The acid dragon bites you.
The acid dragon claws you but does no damage.
The hornet stings you!
* * * LOW HITPOINT WARNING * * *
You are more poisoned.
You feel as though you will be slow longer.
You feel better. You block the hornet's attack.
The acid dragon spits acid at you. You block the splash of acid.
The hornet barely misses you. The acid dragon barely misses you.
You block the acid dragon's attack.
You closely miss the acid dragon.
The acid dragon is heavily wounded.
You block the hornet's attack. The hornet stings you!
* * * LOW HITPOINT WARNING * * *
You suddenly lose the ability to move!
The acid dragon bites you!
* * * LOW HITPOINT WARNING * * *
The acid dragon claws you.
* * * LOW HITPOINT WARNING * * *
You can move again.
You feel much better. You block the hornet's attack.
You block the acid dragon's attack. The acid dragon claws you.
The hornet stings you.
You feel as though you will be slow longer.
The acid dragon bites you!
* * * LOW HITPOINT WARNING * * *
The acid dragon barely misses you.
Okay, then.
You closely miss the acid dragon.
The acid dragon is heavily wounded.
The hornet stings you!
* * * LOW HITPOINT WARNING * * *
You feel as though you will be slow longer.
The hornet stings you!
* * * LOW HITPOINT WARNING * * *
You are poisoned.
You feel as though you will be slow longer.
You block the acid dragon's attack. The acid dragon claws you.
* * * LOW HITPOINT WARNING * * *
The hornet stings you!
You die...

*,,,* ######### *,,,* ########
#.......# *,,,, #......#
#......:# *,,,,
####......#######.......##***,,,,
..........................,,,,,,,
..........................,******
.................D........,*
................@†........,*
..........^######y........,*
...........# #.........,*
...........# #.........,*
.......)...# #....#####,*
...........# #....#,,,*,*
##'##+#....# #....#,,,*,******
'.....#....# #....#,,,+,,,,,,,
#.>...#....# #....#+###,,,,,,,


You could see a hornet and an acid dragon.

Vanquished Creatures
  A minotaur (Gauntlet)
  A hell hog (Volcano)
  A fire crab (Volcano)
  A sixfirhy (Gauntlet)
  A lindwurm (Lair:1)
  2 oklob plants
  The ghost of wormed the Changer, a novice OpTm of Gozag (D:6)
  An ugly thing (D:11)
  A smoke demon (Gauntlet)
  4 black mambas (Lair:2)
  2 torpor snails
  A molten gargoyle (Volcano)
  7 cane toads
  An unseen horror (D:10)
  4 komodo dragons
  2 hornets
  5 dream sheep
  2 wyverns
  A shadow (D:11)
  10 fire bats (Volcano)
  2 basilisks (Lair:2)
  2 wraiths (Ossuary)
  29 yaks
  4 steam dragons
  Menkaure (D:6)
  13 water moccasins
  Edmund (D:5)
  2 acid dragons
  2 hell hounds (Volcano)
  4 orc warriors
  A sky beast (D:7)
  9 black bears
  An ice beast (D:7)
  5 wolves (Lair:2)
  7 centaurs
  2 ogres
  A kobold brigand (D:8)
  15 bullfrogs
  3 necrophages
  A gnoll sergeant (D:6)
  A water moccasin zombie (D:4)
  A scorpion (D:5)
  30 wights
  10 killer bees
  4 howler monkeys (D:9)
  3 electric eels (Lair:1)
  3 crimson imps (Gauntlet)
  8 lava snakes (Volcano)
  2 jellies
  4 hounds
  A human zombie (D:4)
  9 orc priests
  A gnoll bouda (D:5)
  2 scorpion zombies (D:4)
  Terence (D:3)
  4 iguanas
  13 orc wizards
  2 hound zombies (D:4)
  2 mummies (D:4)
  A howler monkey zombie (D:4)
  13 gnolls
  7 adders
  A shadow imp (D:7)
  3 ufetubi
  3 adder zombies
  A worm (D:2)
  3 dart slugs
  43 orcs
  9 endoplasms
  2 giant cockroaches
  11 goblins
  13 hobgoblins
  A jackal (D:3)
  10 kobolds
  9 ball pythons
  2 ball python skeletons (Ossuary)
  10 bats
  6 frilled lizards
  3 hobgoblin skeletons (Ossuary)
  An orc skeleton (Ossuary)
  2 rats
409 creatures vanquished.

Vanquished Creatures (others)
  A blizzard demon (Gauntlet)
  An orc wizard (D:10)
  3 demonic plants (Gauntlet)
  71 fungi
  91 plants
167 creatures vanquished.

Grand Total: 576 creatures vanquished

Notes
Turn   | Place    | Note
-------+----------+-------------------------------------------
     0 | D:1      | NinjaNoafa the Troll Fighter began the quest for the Orb.
     0 | D:1      | Reached XP level 1. HP: 22/22 MP: 0/0
   252 | D:1      | Reached XP level 2. HP: 29/29 MP: 1/1
   367 | D:1      | Reached skill level 3 in Unarmed Combat
   537 | D:1      | Reached XP level 3. HP: 36/36 MP: 2/2
   751 | D:2      | Identified the +0 chain mail of Defiance {rPois rF- rC+
                  | Slay+2}
   881 | D:2      | Reached skill level 4 in Unarmed Combat
  1038 | D:2      | Reached XP level 4. HP: 37/44 MP: 3/3
  1428 | D:3      | Identified the +1 robe of Card Tricks {Dex+3}
  1663 | D:3      | Identified the +1 sling of Symmetry {drain, rF+ Dex+6}
  1733 | D:3      | Noticed Terence
  1738 | D:3      | Killed Terence
  1739 | D:3      | Reached skill level 5 in Unarmed Combat
  1766 | D:3      | Reached XP level 5. HP: 50/50 MP: 4/4
  2227 | D:4      | Reached skill level 6 in Unarmed Combat
  2258 | D:4      | Noticed a black bear
  2263 | D:4      | Killed a black bear
  2264 | D:4      | Reached XP level 6. HP: 59/59 MP: 5/5
  2317 | D:4      | Found an iron altar of Okawaru.
  2340 | D:4      | Reached skill level 7 in Unarmed Combat
  2352 | D:4      | Found a bloodstained altar of Trog.
  2405 | D:4      | Found an ancient bone altar of Kikubaaqudgha.
  2443 | D:4      | Reached XP level 7. HP: 55/66 MP: 6/6
  2449 | D:4      | Reached skill level 8 in Unarmed Combat
  2610 | D:4      | Found a sparkling altar of Nemelex Xobeh.
  2737 | D:4      | Found a sand-covered staircase.
  2746 | Ossuary  | Entered an ossuary
  2784 | Ossuary  | Reached skill level 9 in Unarmed Combat
  2891 | Ossuary  | Noticed a flying skull
  2891 | Ossuary  | Noticed a wraith
  2898 | Ossuary  | Noticed a flying skull
  2900 | Ossuary  | Noticed a flying skull
  2917 | Ossuary  | Noticed a flying skull
  2924 | Ossuary  | Noticed a flying skull
  2934 | Ossuary  | Noticed a wraith
  2938 | Ossuary  | Killed a wraith
  2939 | Ossuary  | Reached XP level 8. HP: 70/74 MP: 7/7
  2957 | Ossuary  | Reached skill level 10 in Unarmed Combat
  3339 | D:4      | Found a staircase to the Ecumenical Temple.
  3383 | D:5      | Entered Level 5 of the Dungeon
  3685 | D:5      | Noticed Edmund
  3697 | D:5      | Killed Edmund
  3717 | D:5      | Found a stormy altar of Qazlal.
  3772 | D:5      | Reached XP level 9. HP: 74/80 MP: 8/8
  3901 | D:5      | Found a shimmering blue altar of Sif Muna.
  4556 | D:6      | Noticed Menkaure
  4566 | D:6      | Killed Menkaure
  4567 | D:6      | Reached skill level 5 in Shields
  4750 | D:6      | Found a runed translucent gate.
  4752 | D:6      | Found a runed translucent gate.
  4754 | D:6      | Found a runed translucent gate.
  4754 | D:6      | Noticed wormed's ghost (novice OpTm)
  4794 | D:6      | Found a broken altar of Ashenzari.
  4872 | D:6      | Identified a scroll of acquirement
  4953 | D:6      | Reached skill level 5 in Dodging
  5084 | D:6      | Reached skill level 5 in Fighting
  5806 | D:7      | Reached XP level 10. HP: 90/98 MP: 9/9
  6550 | D:6      | Killed wormed's ghost
  6551 | D:6      | Reached skill level 1 in Armour
  6626 | D:8      | Found a shadowy altar of Dithmenos.
  7684 | D:9      | Found a staircase to the Orcish Mines.
  7772 | D:9      | Found a white marble altar of Elyvilon.
  7799 | D:9      | You fall into a shaft and drop 1 floor!
  7799 | D:10     | Entered Level 10 of the Dungeon
  7943 | D:9      | Reached XP level 11. HP: 106/106 MP: 10/10
  8170 | D:10     | Found a transporter.
  8239 | D:9      | Reached skill level 11 in Unarmed Combat
  8340 | Temple   | Entered the Ecumenical Temple
  8340 | Temple   | Found a transporter.
  8340 | Temple   | Found a transporter.
  8342 | Temple   | Found a transporter.
  8342 | Temple   | Found a transporter.
  8374 | Temple   | Became a worshipper of the Wu Jian Council
  8498 | D:10     | Noticed an eight-headed hydra
  8498 | D:10     | Noticed bmack86's ghost (journeyman MiFi)
  8652 | D:10     | Noticed a two-headed ogre
  8692 | D:10     | Noticed a six-headed hydra
  8694 | D:10     | Found a transporter.
  8715 | D:10     | Reached skill level 1 in Throwing
  8721 | D:10     | Reached skill level 1 in Evocations
  8824 | D:10     | Found an opulent altar of Gozag.
  8942 | D:9      | Acquired a manual of Armour
  8968 | Orc:1    | Entered Level 1 of the Orcish Mines
  9096 | D:10     | Found a staircase to the Lair.
  9463 | D:10     | Reached * piety under Wu Jian
  9521 | D:10     | Found a glowing silver altar of Zin.
  9617 | D:11     | Noticed a green ugly thing
  9627 | D:11     | Killed a green ugly thing
  9635 | D:11     | Found a gate leading to a gauntlet.
  9644 | Gauntlet | Entered a Gauntlet
  9644 | Gauntlet | Noticed a catoblepas
  9644 | Gauntlet | Found a transporter.
  9644 | Gauntlet | Found a transporter.
  9674 | Gauntlet | Found a transporter.
  9678 | Gauntlet | Found a transporter.
  9682 | Gauntlet | Found a runed translucent door.
  9684 | Gauntlet | Found a runed translucent door.
  9686 | Gauntlet | Found a transporter.
  9690 | Gauntlet | Found a transporter.
  9694 | Gauntlet | Found a runed translucent door.
  9694 | Gauntlet | Found a runed translucent door.
  9696 | Gauntlet | Noticed a blizzard demon
  9698 | Gauntlet | Found a transporter.
  9711 | Gauntlet | Found a runed translucent door.
  9716 | Gauntlet | Found a transporter.
  9716 | Gauntlet | Noticed a death yak
  9718 | Gauntlet | Noticed a death yak
  9719 | Gauntlet | Noticed a death yak
  9729 | Gauntlet | Found a transporter.
  9733 | Gauntlet | Found a transporter.
  9734 | Gauntlet | Noticed a sixfirhy
  9741 | Gauntlet | Found a transporter.
  9745 | Gauntlet | Found a transporter.
  9904 | Gauntlet | Reached skill level 5 in Armour
  9954 | Gauntlet | Killed a sixfirhy
 10000 | Gauntlet | Killed a blizzard demon
 10066 | Gauntlet | Noticed a minotaur
 10077 | Gauntlet | Killed a minotaur
 10077 | Gauntlet | HP: 2/109 [spore (31)]
 10391 | Lair:1   | Entered Level 1 of the Lair of Beasts
 10404 | Lair:1   | Identified the +6 triple sword of Defiance {drain, Will+
                  | Int+4}
 10481 | Lair:1   | Reached skill level 5 in Throwing
 10549 | Lair:1   | Acquired a +2 tower shield of fire resistance
 10685 | Lair:1   | Reached skill level 5 in Evocations
 10685 | Lair:1   | Reached XP level 12. HP: 118/118 MP: 11/11
 10822 | Lair:1   | Reached ** piety under Wu Jian
 10913 | Lair:1   | Found a dark tunnel.
 10924 | Lair:1   | Identified the +0 pair of boots of Omission {*Slow Fly
                  | rElec SInv}
 10961 | Volcano  | Entered a volcano
 11137 | Volcano  | Found a burning altar of Makhleb.
 11137 | Volcano  | Noticed a hell hog
 11153 | Volcano  | Killed a hell hog
 12012 | Lair:2   | Reached *** piety under Wu Jian
 12068 | Lair:2   | Noticed an eight-headed hydra
 12798 | Lair:2   | Reached skill level 10 in Armour
 12966 | Lair:2   | Reached XP level 13. HP: 104/127 MP: 12/12
 13367 | D:10     | Reached **** piety under Wu Jian
 13614 | D:11     | Acquired a manual of Fighting
 13628 | D:11     | Paralysed by a hornet for 2 turns
 13635 | D:11     | Paralysed by a hornet for 1 turns
 13637 | D:11     | Mangled by a hornet

Illustrated notes

Levels and vault maps discovered:
D:1:      giann_forest_graveyard, layout_basic
D:2:      layout_loops_cross, serial_forest, infiniplex_forest_lined_1,
          infiniplex_forest_straight_4, infiniplex_forest_straight_2,
          infiniplex_forest_corner_1, infiniplex_forest_corner_1,
          infiniplex_forest_lined_2, infiniplex_forest_clump_tiny,
          infiniplex_forest_clump_diagonal, hangedman_decor_diamond_cutter,
          minmay_statues_item, st_stairs_4
D:3:      minmay_inner_zag, layout_basic, uniq_terence
D:4:      layout_loops_ring, trog_ov_bears_minmay, okawaru_gym_becter,
          nemelex_diamond_rough_becter, lemuel_mausoleum_altar_kikubaaqudgha,
          temple_green, enter_ossuary_1
D:5:      layout_gridville, nicolae_sif_muna_little_library,
          nicolae_qazlal_general_emergency, uniq_edmund
D:6:      layout_rooms, nicolae_ashenzari_skybound, ebering_ghost_rock_garden,
          uniq_menkaure
D:7:      layout_basic
D:8:      layout_loops_ring, grunt_dithmenos_smoke, st_stairs_12
D:9:      layout_roguey, elyvilon_altar_5, minmay_orc_entry_temple_small
D:10:     layout_loops_cross, zin_treasury, mainiacjoe_overflow_six_doors_small,
          due_lair_maze_entry_diamond, gammafunk_ghost_arena
D:11:     regret_index_combs_of_tragedy, layout_irregular_city,
          gauntlet_entry_generic, uniq_amaemon
Temple:   hellmonk_temple_divided_pantheon
Lair:1:   layout_hall_layers, nicolae_volcano_entry_vermiform,
          minmay_lair_oklob_items, serial_bayou_lagoon_a, lemuel_old_faithful,
          serial_bayou_shore_a
Lair:2:   nzn_winding_woodlands_stair_cross
          [nzn_winding_woodlands_5x15_concentric,
          nzn_winding_woodlands_center_diamonds,
          nzn_winding_woodlands_5x15_lazy_stream,
          nzn_winding_woodlands_5x5_perimeter, nzn_winding_woodlands_hourglass,
          nzn_winding_woodlands_5x15_pool,
          nzn_winding_woodlands_center_pierced_h,
          nzn_winding_woodlands_5x15_eye], layout_loops_ring,
          patterned_corridor, infiniplex_staircase_pool
Orc:1:    layout_caves, serial_shops,
          nicolae_shop_temple_entry_statues_fountains

Skill      XL: |  1  2  3  4  5  6  7  8  9 10 11 12 13 |
---------------+----------------------------------------+-----
Unarmed Combat | 3 4 5 6 7 9 10 11 | 11.5
Shields        | 4 6 7 8 |  8.1
Fighting       | 4 5 6 7 8 |  8.0
Dodging        | 3 5 6 7 8 |  8.0
Armour         | 2 5 10 | 10.0
Throwing       | 5 |  5.0
Evocations     | 5 |  5.0

Action                   |  1- 3 |  4- 6 |  7- 9 | 10-12 | 13-15 || total
-------------------------+-------+-------+-------+-------+-------++-------
Melee: Unarmed           |   118 |   139 |   320 |   661 |    59 ||  1297
Throw: Large rock        |       |       |       |    18 |     8 ||    26
       Javelin           |       |       |       |     6 |       ||     6
       Boomerang         |       |       |       |     2 |       ||     2
Invok: Lunge             |       |       |       |    25 |     1 ||    26
       Whirlwind         |       |       |       |    38 |     5 ||    43
 Abil: Wall Jump         |       |       |       |     8 |       ||     8
Evoke: Wand              |       |       |       |     4 |     1 ||     5
       Phial of floods   |       |       |       |     1 |       ||     1
  Use: Scroll            |       |       |    16 |    18 |     2 ||    36
       Potion            |       |       |     2 |     2 |     4 ||     8
 Stab: Sleeping          |     1 |     5 |     4 |     4 |     1 ||    15
       Distracted        |     1 |       |       |       |       ||     1
Armor: Robe              |    35 |    36 |    61 |   108 |    16 ||   256
Dodge: Dodged            |    36 |    58 |   108 |   230 |    32 ||   464
       Repelled          |       |       |       |     7 |     1 ||     8
Block: Kite shield       |    37 |    60 |   162 |   201 |       ||   460
       Tower shield      |       |       |       |   194 |    86 ||   280

Table legend: (Time is in decaauts)
 A = Elapsed time spent in this place.
 B = Non-inter-level travel time spent in this place.
 C = Inter-level travel time spent in this place.
 D = Time resting spent in this place.
 E = Time spent auto-exploring this place.
 F = Levels seen in this place.
 G = Mean time per level.
                   A        B        C        D        E       F      G
               +--------+--------+--------+--------+--------+-----+--------+
         Total |  13668 |  12531 |   1137 |    109 |   8387 |  18 |  759.3 |
       Dungeon |   9819 |   8863 |    956 |    109 |   5962 |  11 |  892.6 |
        Temple |     52 |     24 |     28 |      0 |      6 |   1 |   52.0 |
          Lair |   2549 |   2397 |    152 |      0 |   1752 |   2 | 1274.5 |
  Orcish Mines |      1 |      1 |      0 |      0 |      0 |   1 |    1.0 |
       Ossuary |    313 |    313 |      0 |      0 |    179 |   1 |  313.0 |
       Volcano |    305 |    305 |      0 |      0 |    129 |   1 |  305.0 |
      Gauntlet |    627 |    627 |      0 |      0 |    359 |   1 |  627.0 |
               +--------+--------+--------+--------+--------+-----+--------+

Top non-repeatable levels by time:
  Lair:2: 1394 daAuts
     D:7: 1209 daAuts
     D:5: 1179 daAuts
    D:10: 1157 daAuts
  Lair:1: 1155 daAuts
     D:4: 1087 daAuts
     D:6: 893 daAuts
     D:8: 884 daAuts
     D:9: 880 daAuts
     D:1: 733 daAuts
     D:3: 704 daAuts
     D:2: 687 daAuts
Gauntlet: 627 daAuts
    D:11: 400 daAuts
 Ossuary: 313 daAuts
